Map: 필러스 오브 골드 - 래더

Players

Zest - Winner!

  • Race: Protoss Protoss
  • Spawn Location: 7:00

PtitDrogo

  • Race: Protoss Protoss
  • Spawn Location: 1:00

Event: StayAtHomestory Cup #2

VOD

Have the link to the VOD?

Description

Time

  • Played on: June 12, 2020, 4:05 p.m.
  • Length: 8:24

All games in this series

Show
View Real Time Build Order
Export as new Build Order

Zest Protoss - Winner!

Build Orders: Phoenix Opening, Blink Stalkers 

Get SALT Encoding   

  12  0:01  Probe  
  13  0:13  Probe  
  14  0:19  Pylon  
  14  0:24  Probe  
  15  0:33  Probe  
  15  0:38  Gateway  
  15  0:41  Probe  
  16  0:47  Assimilator  
  17  0:51  Probe  
  17  0:56  Assimilator  
  18  1:00  Probe  
  19  1:08  Probe  
  19  1:10  Gateway  
  20  1:19  Probe  
  21  1:26  Cybernetics Core  
  21  1:31  Probe  
  22  1:38  Pylon  
  22  1:43  Probe  
  23  1:56  Probe  
  24  2:03  Adept x2, Warp Gate  
  28  2:15  Pylon  
  28  2:28  Pylon  
  28  2:35  Sentry x2  
  32  2:44  Nexus, Probe  
  33  2:52  Shield Battery  
  33  2:56  Probe  
  34  3:02  Sentry x2  
  38  3:08  Pylon  
  38  3:10  Probe, Phoenix  
  39  3:22  Probe  
  40  3:29  Twilight Council  
  40  3:30  Probe  
  40  3:40  Probe  
  41  3:51  Probe  
  41  3:52  Probe  
  42  3:59  Probe, Blink  
  42  4:00  Forge, Probe  
  43  4:07  Probe  
  45  4:10  Probe  
  47  4:20  Probe  
  47  4:21  Probe  
  49  4:24  Gateway  
  49  4:28  Probe, Protoss Ground Weapons Level 1  
  49  4:34  Probe  
  49  4:37  Probe, Phoenix  
  51  4:42  Pylon  
  52  4:46  Probe  
  52  4:49  Probe  
  50  4:57  Nexus  
  50  4:58  Probe  
  50  4:59  Assimilator  
  51  5:01  Probe  
  52  5:07  Gateway  
  52  5:09  Gateway  
  52  5:11  Gateway  
  52  5:17  Probe  
  52  5:18  Probe  
  54  5:25  Pylon  
  54  5:29  Stalker x2  
  54  5:30  Stalker  
  54  5:32  Probe  
  54  5:34  Probe  
  62  5:38  Charge, Shield Battery  
  62  5:41  Pylon  
  62  5:53  Stalker  
  62  5:54  Stalker x2  
  68  6:00  Shield Battery  
  68  6:02  Stalker  
  70  6:13  Stalker x2  
  70  6:18  Stalker x2  
  78  6:22  Robotics Facility  
  78  6:47  Gateway  
  78  6:49  Gateway  
  78  6:53  Stalker x5  
  78  6:54  Stalker  
  90  7:18  Stalker x4  
  90  7:19  Stalker  
  100  7:23  Pylon x2  
  100  7:25  Observer  
  90  7:38  Zealot  
  90  7:42  Zealot x6  
  98  7:49  Zealot  
  100  7:57  Zealot  
  102  8:02  Zealot x3  
  102  8:04  Zealot  
  100  8:06  Zealot x2  
  90  8:14  Stalker x2  
Show
View Real Time Build Order
Export as new Build Order

PtitDrogo Protoss 

Build Orders: Phoenix Opening 

Get SALT Encoding   

  12  0:00  Probe  
  13  0:13  Probe  
  14  0:18  Pylon  
  14  0:25  Probe  
  15  0:35  Probe  
  15  0:36  Gateway  
  16  0:43  Probe  
  16  0:48  Assimilator  
  17  0:53  Probe  
  17  0:57  Assimilator  
  18  1:01  Probe  
  18  1:09  Probe  
  19  1:11  Gateway  
  20  1:19  Probe  
  21  1:26  Cybernetics Core  
  21  1:32  Probe  
  22  1:36  Pylon  
  22  1:44  Probe  
  23  1:58  Warp Gate  
  23  2:03  Sentry, Stalker  
  27  2:11  Pylon  
  27  2:13  Probe  
  28  2:29  Stalker  
  30  2:32  Probe  
  30  2:33  Stalker  
  32  2:55  Nexus  
  32  2:58  Probe  
  33  3:04  Pylon  
  33  3:10  Probe  
  34  3:18  Sentry  
  34  3:19  Sentry  
  38  3:20  Probe  
  38  3:23  Shield Battery  
  39  3:28  Probe  
  39  3:30  Robotics Facility  
  40  3:36  Probe  
  41  3:44  Forge  
  41  3:48  Probe  
  42  3:57  Phoenix  
  42  4:00  Probe  
  43  4:03  Probe  
  44  4:10  Probe  
  44  4:11  Probe  
  46  4:18  Probe  
  46  4:19  Observer  
  46  4:20  Protoss Ground Weapons Level 1  
  46  4:21  Probe  
  49  4:26  Probe  
  50  4:33  Probe  
  51  4:39  Probe  
  51  4:41  Immortal  
  56  4:45  Probe  
  55  4:53  Probe  
  56  5:00  Twilight Council  
  56  5:04  Probe  
  57  5:08  Gateway  
  57  5:09  Gateway  
  57  5:11  Assimilator  
  57  5:13  Blink, Assimilator  
  57  5:14  Pylon  
  57  5:18  Immortal  
  61  5:24  Pylon  
  61  5:37  Probe x2  
  61  5:42  Gateway  
  63  5:44  Gateway  
  63  5:45  Stalker x2  
  63  5:49  Warp Prism  
  67  5:59  Gateway  
  67  6:02  Probe  
  70  6:05  Stalker  
  72  6:20  Stalker x2  
  72  6:21  Stalker  
  72  6:22  Pylon  
  78  6:34  Pylon  
  76  6:43  Stalker x4  
  84  7:02  Stalker x3  
  88  7:18  Stalker x3  
  90  7:39  Stalker x3  
  94  7:46  Pylon x2  
  91  7:52  Stalker  
  93  8:01  Stalker  
  93  8:02  Stalker  
  85  8:06  Stalker x4  
  85  8:19  Stalker  
Tags
 
Add a new tag
Caveats
  • Supply blocks, unpowered buildings, or Contaminate may cause inaccurate times.
  • Supply counts are checked every 10 seconds.